 Dungeon Crawl Stone Soup version 0.17.0-28-g6e173f8 (webtiles) character file.

121 BiggieSmalls the Skirmisher (level 4, -4/36 HPs)
             Began as a Demonspawn Abyssal Knight on Nov 29, 2015.
             Was a Follower of Lugonu.
             Slain by bollicks1999's ghost (14 damage)
             ... on level 3 of the Dungeon.
             The game lasted 00:12:28 (2919 turns).

BiggieSmalls the Skirmisher (DsAK)                  Turns: 2919, Time: 00:12:29

Health: -4/36      AC:  9    Str: 11    XL:     4   Next: 76%
Magic:  15/15      EV: 12    Int: 14    God:    Lugonu [*.....]
Gold:   198        SH:  0    Dex: 12    Spells: 0 memorised, 3 levels left

rFire  . . .     SeeInvis .     a - +2 hand axe
rCold  . . .     Clarity  .     b - +0 leather armour
rNeg   . . .     SustAt   .     (no shield)
rPois  .         Gourm    .     (helmet restricted)
rElec  .         Spirit   .     (no cloak)
rCorr  .         Warding  .     (no gloves)
rMut   .         Stasis   +     (no boots)
MR     .....                    h - amulet of stasis
Stlth  +.........               l - +6 ring of protection
                                e - ring of magical power

@: not resistant to hostile enchantments, very unstealthy
A: horns 2, weak 1
a: Depart the Abyss, Renounce Religion


You were on level 3 of the Dungeon.
You worshipped Lugonu.
Lugonu was aware of your devotion.
You were not hungry.

You visited 1 branch of the dungeon, and saw 3 of its levels.
You visited the Abyss 1 time.

You collected 198 gold pieces.

Inventory:

Hand Weapons
 a - a +2 hand axe (weapon)
Armour
 b - a +0 leather armour (worn)
Jewellery
 e - a ring of magical power (left hand)
 h - an amulet of stasis (around neck)
 l - a +6 ring of protection (right hand)
Scrolls
 i - a scroll of teleportation
 k - a scroll of identify
Potions
 c - a potion of haste
Comestibles
 d - a meat ration
 g - 2 bread rations


   Skills:
 + Level 3.6 Fighting
 + Level 2.5 Axes
 + Level 2.5 Armour
 + Level 2.0 Dodging
 + Level 1.0 Stealth
 + Level 2.9 Invocations


You had 3 spell levels left.
You didn't know any spells.

Dungeon Overview and Level Annotations

Branches:
Dungeon (3/15)

Altars:
Elyvilon
Fedhas

Annotations:
D:3 bollicks1999's ghost, amateur HOFi


Innate Abilities, Weirdness & Mutations

You have a pair of horns on your head.
You are weak. (Str -2)


Message History

Okay, then.
Drink which item? (? for menu, Esc to quit)
You feel better.
Bollicks1999's ghost hits you but does no damage.
You closely miss bollicks1999's ghost.
Bollicks1999's ghost is severely damaged.
Bollicks1999's ghost hits you.
You barely miss bollicks1999's ghost.
You headbutt bollicks1999's ghost, but do no damage.
Bollicks1999's ghost is severely damaged.
Bollicks1999's ghost says very slowly, "There's no hope."
Bollicks1999's ghost closely misses you.
You hit bollicks1999's ghost.
Bollicks1999's ghost is severely damaged.
Bollicks1999's ghost hits you!
* * * LOW HITPOINT WARNING * * *
You hit bollicks1999's ghost but do no damage.
Bollicks1999's ghost is severely damaged.
Bollicks1999's ghost hits you!
You die...

######### #.##.# .##.......# #.
........# ###....##.##.#...†.# ##
##.####.# #.......#.##.#####.####
.....##.# #.#..##.#.##.##........
......#.# #.#.............##.####
.....)#.# #÷##.......#.#..##.#
.._..)..# #.#####..#.........#
.....)#.###.#####..##.....####
......#.........@W.#####.##
.....##.###.######.####.(.#
##.####........# ........#
.........##.##.# #####...#
######...##.##.## #...#
#........##.....# #...#
#........##.....#######...######.
#........##.#...#................
#................................


You could see bollicks1999's ghost.

Vanquished Creatures
  An orc priest (D:3)
  2 adders (D:3)
  An ooze (D:1)
  2 worms (D:2)
  A giant gecko (D:1)
  5 orcs (D:3)
  12 bats
  3 giant cockroaches
  3 goblins
  5 hobgoblins
  3 jackals (D:1)
  5 giant newts
  8 kobolds
  8 rats
59 creatures vanquished.

Notes
Turn   | Place    | Note
--------------------------------------------------------------
     0 | Abyss:1  | BiggieSmalls the Demonspawn Abyssal Knight began the quest for the Orb.
     0 | Abyss:1  | Reached XP level 1. HP: 18/18 MP: 2/2
   148 | Abyss:2  | Noticed a neqoxec
   148 | Abyss:2  | Gained mutation: You are weak. (Str -2) [a neqoxec]
   159 | Abyss:2  | Noticed a raiju
   159 | Abyss:2  | Noticed a raiju
   161 | D:1      | Escaped the Abyss
   352 | D:1      | Reached skill level 1 in Dodging
   374 | D:1      | Gained mutation: You have a pair of small horns on your head. [demonic ancestry]
   374 | D:1      | Reached XP level 2. HP: 13/24 MP: 3/3
   666 | D:1      | Reached * piety under Lugonu
   974 | D:1      | Gained mutation: You have a pair of horns on your head. [demonic ancestry]
   974 | D:1      | Reached XP level 3. HP: 22/29 MP: 5/5
  1433 | D:2      | Found a blossoming altar of Fedhas.
  2501 | D:3      | Reached XP level 4. HP: 36/36 MP: 6/6
  2686 | D:3      | Found a white marble altar of Elyvilon.
  2699 | D:3      | Reached skill level 1 in Stealth
  2901 | D:3      | Noticed bollicks1999's ghost (amateur HOFi)
  2919 | D:3      | Slain by bollicks1999's ghost

Action                   |  1- 3 |  4- 6 || total
-------------------------+-------+-------++-------
Melee: Hand axe          |   143 |    36 ||   179
Invok: Depart the Abyss  |     1 |       ||     1
  Use: Scroll            |     7 |     2 ||     9
       Potion            |     4 |     1 ||     5
 Stab: Sleeping          |     1 |       ||     1
  Eat: Bread ration      |     1 |       ||     1
       Pizza             |     1 |     1 ||     2
